Cogmind - Beta 12 @@@ ROGUE MODE // 2023.11.20 @ 15:09:18 Player: Dosh Result: Destroyed by S-43 Plague with Heavy Machine Gun Performance ------------- Evolutions (8) 4000 Regions Visited (13) 2600 Robots Destroyed (68) 340 Value Destroyed (1951) 1951 Prototype IDs (28) 560 Alien Tech Used (0) 0 Bonus (1688) 1688 TOTAL SCORE: 11139 Bonus ------- High Alert Combat Kills 299 Follower Combat Kills 115 Entered DSFs 1000 Aligned with FarCom 300 Friendly Fire -26 Cogmind --------- Core Integrity 0/1450 Matter 40/300 Energy 99/100 System Corruption 16% Temperature Cool (0) Movement Core (50) Location -2/Research Parts ------- > --- POWER (2) -------- (None) > --- PROPULSION (6) --- (None) > --- UTILITY (12) ----- Advanced Melee Analysis Suite > --- WEAPON (3) ------- (None) > --- INVENTORY (5) ---- Light Antimatter Reactor Light Quantum Reactor Impulse Thruster Heavy Missile Launcher Peak State ------------ > --- POWER ------------ Light Particle Reactor > --- PROPULSION ------- Nuclear Pulse Thruster Nuclear Pulse Thruster Improved Surge Thruster Impulse Thruster Array > --- UTILITY ---------- Improved Targeting Computer Advanced Melee Analysis Suite Target Analyzer > --- WEAPON ----------- Heavy Pick > --- INVENTORY -------- Power Amplifier Assault Rifle Heavy Missile Launcher [Rating: 55] Favorites ----------- Power Ion Engine Engine Ion Engine Power Core Fission Core Reactor Light Particle Reactor Propulsion Medium Treads Treads Medium Treads Flight Unit Surge Thruster Utility Improved Targeting Computer Device Hardlight Generator Storage Large Storage Unit Processor Improved Targeting Computer Protection Improved Light Armor Plating Weapon Grenade Launcher Energy Cannon EM Pulse Cannon Ballistic Gun Light Assault Rifle Ballistic Cannon Assault Cannon Launcher Grenade Launcher Piercing Weapon Heavy Pick Build | -11 -10 -10 -10 -9 -8 -7 -7 -6 -5 -5 -4 -3 -2 ------- Run | Jun Mat Min Exi Min Mat Fac DSF Fac Fac DSF Fac Res Res Slots Evolved 16 | . . . . . 4 2 . 2 2 . 2 2 2 Power 1 | . . . . . . . . 1 . . . . . Propulsion 4 | . . . . . 2 . . 1 1 . . . . Utility 10 | . . . . . 2 2 . . 1 . 2 1 2 Weapon 1 | . . . . . . . . . . . . 1 . Parts Attached 95 | 6 8 2 . . 28 5 16 12 3 4 3 6 2 Power 12 | 1 2 . . . 3 . 1 2 . . 1 2 . Engine 8 | 1 2 . . . 3 . 1 1 . . . . . Core 2 | . . . . . . . . 1 . . 1 . . Reactor 2 | . . . . . . . . . . . . 2 . Propulsion 35 | 2 2 . . . 9 4 7 4 . 2 2 1 2 Treads 18 | 2 2 . . . 9 4 1 . . . . . . Leg . | . . . . . . . . . . . . . . Wheel . | . . . . . . . . . . . . . . Hover . | . . . . . . . . . . . . . . Flight 17 | . . . . . . . 6 4 . 2 2 1 2 Utility 27 | 1 3 . . . 8 1 4 6 . 2 . 2 . Device 11 | . . . . . . 1 1 6 . 2 . 1 . Storage 3 | 1 1 . . . 1 . . . . . . . . Processor 8 | . 2 . . . 3 . 2 . . . . 1 . Hackware . | . . . . . . . . . . . . . . Protection 5 | . . . . . 4 . 1 . . . . . . Artifact . | . . . . . . . . . . . . . . Weapon 21 | 2 1 2 . . 8 . 4 . 3 . . 1 . Energy Gun . | . . . . . . . . . . . . . . Energy Cannon 2 | . . . . . 1 . . . 1 . . . . Ballistic Gun 7 | 2 1 . . . 2 . 2 . . . . . . Ballistic Cannon 1 | . . . . . 1 . . . . . . . . Launcher 8 | . . 2 . . 4 . 2 . . . . . . Special Weapon . | . . . . . . . . . . . . . . Impact Weapon . | . . . . . . . . . . . . . . Slashing Weapon . | . . . . . . . . . . . . . . Piercing Weapon 3 | . . . . . . . . . 2 . . 1 . Special Melee Weapon . | . . . . . . . . . . . . . . Unidentified Prototypes 1 | . . . . . . . 1 . . . . . . Parts Lost 27 | . . 2 . . 4 . 10 1 . 2 . 2 6 Power 2 | . . . . . . . 1 . . . . . 1 Propulsion 17 | . . 2 . . 3 . 4 1 . 2 . 2 3 Utility 6 | . . . . . 1 . 3 . . . . . 2 Weapon 2 | . . . . . . . 2 . . . . . . Highest Loss Streak 6 | . . 2 . . 1 . 6 1 . 2 . 1 3 To Critical Strikes . | . . . . . . . . . . . . . . Average Slot Usage (%) 78 | . 99 93 71 71 92 83 74 46 51 46 29 32 19 Engine 9 | . 13 14 14 14 8 7 5 4 . . . . . Treads 18 | . 27 22 . . 34 29 18 . . . . . . Flight 3 | . . . . . . . 6 23 23 21 15 13 5 Storage 9 | . 14 14 14 14 9 7 5 . . . . . . Processor 13 | . 13 14 14 14 12 7 16 13 11 11 10 11 10 Protection 3 | . . . . . 9 7 5 . . . . . . Energy Cannon 1 | . . . . . 4 7 . . 4 . . . . Ballistic Gun 5 | . 28 2 . . 2 . 6 . . . . . . Launcher 10 | . . 25 28 28 9 7 2 . . . . . . Naked Turns . | . . . . . . . . . . . . . . Heaviest Build 118 | 12 28 31 31 31 113 118 114 19 18 18 10 32 14 Greatest Support 112 | 40 40 40 3 3 112 101 101 18 18 18 16 32 32 Greatest Overweight (x) 12 | 1 7 10 10 10 12 1 3 1 . . . 1 . Average Overweight (x) . | . . . 10 10 . 1 1 . . . . . . Largest Inventory Capacity 25 | 8 15 15 15 15 25 25 25 5 5 5 5 5 5 Average Capacity 15 | 6 12 15 15 15 23 25 19 5 5 5 5 5 5 Most Carried 25 | 1 13 14 14 15 25 22 21 5 5 5 5 5 5 Average Carried 13 | . 8 13 13 14 20 20 15 4 4 4 5 4 4 Final Capacity 25 | 8 15 15 15 15 25 25 5 5 5 5 5 5 5 Final Carried 21 | 1 13 13 14 15 21 21 5 5 5 5 5 5 4 Class Distribution -------------------- 89% | Mutant 5% | Sprinter Dominant Class ---------------- Mutant | -10/Materials Mutant | -10/Mines Mutant | -10/Exiles Mutant | -9/Mines Mutant | -8/Materials Mutant | -7/Factory Mutant | -7/DSF Sprinter | -6/Factory Sprinter | -5/Factory Sprinter | -5/DSF Sprinter | -4/Factory Mutant | -3/Research Mutant | -2/Research Resources | -11 -10 -10 -10 -9 -8 -7 -7 -6 -5 -5 -4 -3 -2 ----------- Run | Jun Mat Min Exi Min Mat Fac DSF Fac Fac DSF Fac Res Res Matter Collected 1949 | 243 125 155 . . 1006 . 282 134 . 4 . . . Remotely . | . . . . . . . . . . . . . . Salvage Created 1412 | . 313 82 . . 728 . 289 . . . . . . Parts 116 | . 26 16 . . 58 . 16 . . . . . . Haulers Intercepted 2 | . . . . . 2 . . . . . . . . Recyclers Shooed 1 | . . 1 . . . . . . . . . . . Parts Field Recycled . | . . . . . . . . . . . . . . Retrieved Matter . | . . . . . . . . . . . . . . Parts Self-Destructed . | . . . . . . . . . . . . . . Prevented . | . . . . . . . . . . . . . . Kills | -11 -10 -10 -10 -9 -8 -7 -7 -6 -5 -5 -4 -3 -2 ------- Run | Jun Mat Min Exi Min Mat Fac DSF Fac Fac DSF Fac Res Res Combat Hostiles Destroyed 63 | . 10 15 . . 29 . 9 . . . . . . Guns 19 | . 10 . . . 3 . 6 . . . . . . Cannons 7 | . . . . . 7 . . . . . . . . AOE 37 | . . 15 . . 19 . 3 . . . . . . Classes Destroyed 14 | . 3 2 . . 5 . 4 . . . . . . Worker 2 | . . 1 . . 1 . . . . . . . . Builder 1 | . . . . . 1 . . . . . . . . Hauler 2 | . . . . . 2 . . . . . . . . Operator 1 | . . . . . 1 . . . . . . . . Watcher 5 | . 1 . . . 4 . . . . . . . . Swarmer 24 | . 5 9 . . 10 . . . . . . . . Cutter 2 | . . . . . . . 2 . . . . . . Grunt 20 | . 5 . . . 11 . 4 . . . . . . Brawler 1 | . . . . . . . 1 . . . . . . Sentry 7 | . . . . . 7 . . . . . . . . Specialist 1 | . . . . . . . 1 . . . . . . Hunter 1 | . . . . . 1 . . . . . . . . Heavy 1 | . . . . . . . 1 . . . . . . Assembled 6 | . . 6 . . . . . . . . . . . Best Kill Streak 9 | . 4 7 . . 9 . 6 . . . . . . Combat Bots Only 6 | . 4 6 . . 6 . 6 . . . . . . Max Kills in Single Turn 3 | . 2 3 . . 3 . 1 . . . . . . Gunslinging 1 | . 1 . . . . . . . . . . . . Exploded 3 | . . 3 . . 3 . 1 . . . . . . Melee . | . . . . . . . . . . . . . . Uniques/NPCs Destroyed . | . . . . . . . . . . . . . . Combat | -11 -10 -10 -10 -9 -8 -7 -7 -6 -5 -5 -4 -3 -2 -------- Run | Jun Mat Min Exi Min Mat Fac DSF Fac Fac DSF Fac Res Res Damage Taken 6858 | . 276 262 . . 1776 . 2028 145 . 214 . 286 1871 Core 2649 | . 37 47 . . 286 . 572 58 . 95 . 87 1467 Absorbed by Shields 89 | . . . . . . . 89 . . . . . . Redirected to Shielding 107 | . . . . . 57 . 50 . . . . . . Regen/Repaired (Parts) 76 | . . . . . 43 . . 33 . . . . . Core Remaining (%) 76 | 100 . . . 66 48 . 18 93 . 90 100 93 . Volleys Fired 149 | . 36 14 . . 71 . 28 . . . . . . Largest 2 | . 2 2 . . 2 . 2 . . . . . . Hottest 102 | . 40 60 . . 102 . 102 . . . . . . Shots Fired 264 | . 72 28 . . 115 . 49 . . . . . . Gun 135 | . 72 . . . 24 . 39 . . . . . . Cannon 54 | . . . . . 50 . 4 . . . . . . Launcher 75 | . . 28 . . 41 . 6 . . . . . . Special . | . . . . . . . . . . . . . . Kinetic 167 | . 72 . . . 56 . 39 . . . . . . Thermal . | . . . . . . . . . . . . . . Explosive 75 | . . 28 . . 41 . 6 . . . . . . Electromagnetic 22 | . . . . . 18 . 4 . . . . . . Robot Hit Streak 31 | . 27 4 . . 31 . 10 . . . . . . Robot Miss Streak 4 | . 4 4 . . 2 . 3 . . . . . . Penetration Max . | . . . . . . . . . . . . . . Secondary Targets 6 | . 3 . . . . . 3 . . . . . . Max Gunslinging Chain 1 | . 1 . . . . . 1 . . . . . . Shots Hit Robots 182 | . 52 10 . . 85 . 35 . . . . . . Core Hits 133 | . 25 24 . . 63 . 21 . . . . . . Critical Kills 2 | . . . . . . . 2 . . . . . . Critical Parts Destroyed 3 | . 1 . . . . . 2 . . . . . . Critical Strikes 7 | . 1 . . . 2 . 4 . . . . . . Destroy 5 | . 1 . . . . . 4 . . . . . . Blast 2 | . . . . . 2 . . . . . . . . Melee Attacks 1 | . . . . . . . . . . . . 1 . Impact . | . . . . . . . . . . . . . . Slashing . | . . . . . . . . . . . . . . Piercing 1 | . . . . . . . . . . . . 1 . Sneak Attacks . | . . . . . . . . . . . . . . Combat Hostiles . | . . . . . . . . . . . . . . Follow-up Attacks . | . . . . . . . . . . . . . . Damage Inflicted 6079 | . 413 833 . . 3817 . 991 . . . . . 25 Guns 1154 | . 413 . . . 163 . 578 . . . . . . Cannons 995 | . . . . . 933 . 62 . . . . . . Explosions 3834 | . . 827 . . 2656 . 351 . . . . . . Melee . | . . . . . . . . . . . . . . Ramming 96 | . . 6 . . 65 . . . . . . . 25 Kinetic 1695 | . 413 . . . 704 . 578 . . . . . . Thermal . | . . . . . . . . . . . . . . Explosive 3834 | . . 827 . . 2656 . 351 . . . . . . Electromagnetic 454 | . . . . . 392 . 62 . . . . . . Impact . | . . . . . . . . . . . . . . Slashing . | . . . . . . . . . . . . . . Piercing . | . . . . . . . . . . . . . . Highest Corruption 16 | . . . . . . . . . . . . 3 16 Average Corruption 3 | . . . . . . . . . . . . 2 6 Corruption Purged . | . . . . . . . . . . . . . . Corruption Blocked . | . . . . . . . . . . . . . . Effects 7 | . . . . . . . . . . . . 3 4 Message Errors 3 | . . . . . . . . . . . . 2 1 Matter Fused 1 | . . . . . . . . . . . . . 1 Heat Flow Errors 1 | . . . . . . . . . . . . . 1 Data Loss (minor) 1 | . . . . . . . . . . . . 1 . Misdirections 1 | . . . . . . . . . . . . . 1 Overload Shots . | . . . . . . . . . . . . . . Overflow Damage 163 | . . 51 . . 112 . . . . . . . . Projectiles 31 | . . . . . 31 . . . . . . . . Explosions 132 | . . 51 . . 81 . . . . . . . . Melee . | . . . . . . . . . . . . . . Knockbacks 4 | . . . . . 3 . . . . . . . 1 Impact 1 | . . . . . . . . . . . . . 1 Kinetic 3 | . . . . . 3 . . . . . . . . Secondary . | . . . . . . . . . . . . . . Self-Inflicted Damage 441 | . . 113 . . 194 . 122 . . . . . 12 Shots 17 | . . 5 . . 7 . 5 . . . . . . Rammed 13 | . . 2 . . 4 . . . . . . . 7 Targets Rammed 15 | . . 2 . . 6 . . . . . . . 7 Kicked . | . . . . . . . . . . . . . . Crushed 2 | . . . . . 2 . . . . . . . . Highest Temperature 748 | . 12 20 . . 386 . 748 . . . . . 81 Average Temperature 105 | . 8 11 . . 78 . 255 . . . . . 56 Received Heat Transfer 1301 | . 120 20 . . 522 . 501 48 . . . 9 81 Effects 15 | . . . . . 2 . 13 . . . . . . Shutdowns 3 | . . . . . 1 . 2 . . . . . . Interference 3 | . . . . . . . 3 . . . . . . Matter Decay 2 | . . . . . 1 . 1 . . . . . . Short Circuit 2 | . . . . . . . 2 . . . . . . Damage (minor) 3 | . . . . . . . 3 . . . . . . Damage (major) 1 | . . . . . . . 1 . . . . . . Damage (core) 1 | . . . . . . . 1 . . . . . . Siege Activations . | . . . . . . . . . . . . . . Robots Corrupted . | . . . . . . . . . . . . . . Combat Hostiles . | . . . . . . . . . . . . . . Parts Fried . | . . . . . . . . . . . . . . Impact Corruptions . | . . . . . . . . . . . . . . Robots Melted . | . . . . . . . . . . . . . . Combat Hostiles . | . . . . . . . . . . . . . . Parts Melted . | . . . . . . . . . . . . . . Heat Transferred . | . . . . . . . . . . . . . . Parts Sabotaged . | . . . . . . . . . . . . . . Parts Stolen . | . . . . . . . . . . . . . . Parts Stripped . | . . . . . . . . . . . . . . Power Chain Reactions . | . . . . . . . . . . . . . . Missiles Intercepted . | . . . . . . . . . . . . . . Alert | -11 -10 -10 -10 -9 -8 -7 -7 -6 -5 -5 -4 -3 -2 ------- Run | Jun Mat Min Exi Min Mat Fac DSF Fac Fac DSF Fac Res Res Peak Influence 975 | . 235 235 . . 975 416 475 343 105 92 45 165 281 Initial 411 | . . 5 . . . 411 291 243 105 77 45 23 11 Average 307 | . 25 99 . . 606 411 376 248 105 82 45 48 104 Maximum Alert Level 3 | . 1 1 . . 3 2 2 1 . . . . 1 Low Security (%) 47 | 100 99 82 . 100 8 . . 19 100 100 100 100 76 Level 1 18 | . . 17 . . 15 . 69 80 . . . . 23 Level 2 17 | . . . . . 34 100 30 . . . . . . Level 3 15 | . . . . . 41 . . . . . . . . Level 4 . | . . . . . . . . . . . . . . Level 5 . | . . . . . . . . . . . . . . High Security . | . . . . . . . . . . . . . . Max Security . | . . . . . . . . . . . . . . Sterilizations 1 | . . . . . . . 1 . . . . . . Squads Dispatched 32 | . 3 . . . 13 . 2 5 . 1 . 3 5 Investigation 14 | . 2 . . . 5 . . 3 . . . 3 1 Extermination 2 | . . . . . . . . 1 . . . . 1 Reinforcement 10 | . 1 . . . 2 . 2 1 . 1 . . 3 Assault . | . . . . . . . . . . . . . . Garrison 6 | . . . . . 6 . . . . . . . . Intercept . | . . . . . . . . . . . . . . Searches Triggered . | . . . . . . . . . . . . . . Construction Impeded . | . . . . . . . . . . . . . . Haulers Reinforced . | . . . . . . . . . . . . . . Active Scanning Responses . | . . . . . . . . . . . . . . Cargo Convoy Interrupts . | . . . . . . . . . . . . . . Stealth | -11 -10 -10 -10 -9 -8 -7 -7 -6 -5 -5 -4 -3 -2 --------- Run | Jun Mat Min Exi Min Mat Fac DSF Fac Fac DSF Fac Res Res Distress Signals 8 | . 1 . . . 5 . . . . . . 1 1 Communications Jammed . | . . . . . . . . . . . . . . Distress Signals . | . . . . . . . . . . . . . . Times Spotted 145 | . 19 15 . . 42 . 16 10 1 5 . 9 28 Peak Tracking Total 19 | . 6 3 . . 6 . 4 5 1 4 . 10 19 Tactical Retreats 16 | . . . . . 4 . 1 3 . 1 . 1 6 Traps | -11 -10 -10 -10 -9 -8 -7 -7 -6 -5 -5 -4 -3 -2 ------- Run | Jun Mat Min Exi Min Mat Fac DSF Fac Fac DSF Fac Res Res Traps Triggered 9 | . 2 . . . . . 1 . . . 2 3 1 Indirectly . | . . . . . . . . . . . . . . Trap Hack Attempts . | . . . . . . . . . . . . . . Triggered . | . . . . . . . . . . . . . . Disarmed . | . . . . . . . . . . . . . . Reprogrammed . | . . . . . . . . . . . . . . Reused . | . . . . . . . . . . . . . . Traps Extracted . | . . . . . . . . . . . . . . Installed . | . . . . . . . . . . . . . . Triggered . | . . . . . . . . . . . . . . Machines | -11 -10 -10 -10 -9 -8 -7 -7 -6 -5 -5 -4 -3 -2 ---------- Run | Jun Mat Min Exi Min Mat Fac DSF Fac Fac DSF Fac Res Res Machines Disabled 10 | . . 1 . . 8 . 1 . . . . . . Max in Single Turn 1 | . . 1 . . 1 . 1 . . . . . . Machines Repaired . | . . . . . . . . . . . . . . Machines Sabotaged . | . . . . . . . . . . . . . . Overloaded Fab Kills . | . . . . . . . . . . . . . . Hacking | -11 -10 -10 -10 -9 -8 -7 -7 -6 -5 -5 -4 -3 -2 --------- Run | Jun Mat Min Exi Min Mat Fac DSF Fac Fac DSF Fac Res Res Machines Accessed 34 | . 8 . 1 . 10 1 . 8 2 . . 3 1 Terminals 21 | . 7 . . . 7 1 . 3 2 . . 1 . Fabricators 2 | . . . . . . . . 2 . . . . . Repair Stations 4 | . 1 . . . 1 . . 2 . . . . . Recycling Units 5 | . . . . . 1 . . 1 . . . 2 1 Scanalyzers 1 | . . . . . 1 . . . . . . . . Garrison Access . | . . . . . . . . . . . . . . Total Hacks 95 | . 27 . 1 . 34 1 . 22 2 . . 6 2 Successful 37 | . 11 . 1 . 15 1 . 6 2 . . 1 . Failed 58 | . 16 . . . 19 . . 16 . . . 5 2 Catastrophic 12 | . 1 . . . 3 . . 4 . . . 2 2 Database Lockouts . | . . . . . . . . . . . . . . Manual 1 | . . . 1 . . . . . . . . . . Terminals 60 | . 26 . . . 22 1 . 7 2 . . 2 . Fabricators 6 | . . . . . . . . 6 . . . . . Repair Stations 12 | . 1 . . . 4 . . 7 . . . . . Recycling Units 11 | . . . . . 3 . . 2 . . . 4 2 Scanalyzers 5 | . . . . . 5 . . . . . . . . Garrison Access . | . . . . . . . . . . . . . . Terminal Hacks 27 | . 11 . 1 . 9 1 . 3 2 . . . . Record 3 | . 2 . . . 1 . . . . . . . . Prototype ID Bank 2 | . 1 . . . 1 . . . . . . . . Open DSF 2 | . . . . . . 1 . . 1 . . . . Emergency Access Points 1 | . . . . . 1 . . . . . . . . Terminal Index 1 | . . . . . . . . 1 . . . . . Alert Level 8 | . 3 . . . 3 . . 1 1 . . . . Unreport Threat 1 | . 1 . . . . . . . . . . . . Dispatch Records 2 | . 1 . . . 1 . . . . . . . . Surveillance Status 1 | . . . . . 1 . . . . . . . . Hauler Manifests 1 | . 1 . . . . . . . . . . . . Registered Components 2 | . 1 . . . 1 . . . . . . . . Zone Layout 2 | . 1 . . . . . . 1 . . . . . EX-Prototype ID Bank 1 | . . . 1 . . . . . . . . . . Fabricator Hacks . | . . . . . . . . . . . . . . Repair Station Hacks 5 | . . . . . 2 . . 3 . . . . . Scan Component 3 | . . . . . 1 . . 2 . . . . . Repair 2 | . . . . . 1 . . 1 . . . . . Recycling Unit Hacks 2 | . . . . . 1 . . . . . . 1 . Retrieve Matter 2 | . . . . . 1 . . . . . . 1 . Scanalyzer 3 | . . . . . 3 . . . . . . . . Insert Component 2 | . . . . . 2 . . . . . . . . Analyze 1 | . . . . . 1 . . . . . . . . Garrison Access Hacks . | . . . . . . . . . . . . . . Unauthorized Hacks . | . . . . . . . . . . . . . . Terminals . | . . . . . . . . . . . . . . Fabricators . | . . . . . . . . . . . . . . Repair Stations . | . . . . . . . . . . . . . . Recycling Units . | . . . . . . . . . . . . . . Scanalyzers . | . . . . . . . . . . . . . . Garrison Access . | . . . . . . . . . . . . . . Data Cores Recovered . | . . . . . . . . . . . . . . Used . | . . . . . . . . . . . . . . Hacking Detections 27 | . 8 . . . 9 . . 6 . . . 3 1 Full Trace Events 14 | . 2 . . . 6 . . 3 . . . 2 1 Feedback Events 1 | . . . . . . . . . . . . 1 . Corruption 1 | . . . . . . . . . . . . 1 . Feedback Blocked . | . . . . . . . . . . . . . . Robot Schematics Acquired . | . . . . . . . . . . . . . . Robots Built . | . . . . . . . . . . . . . . Authchips . | . . . . . . . . . . . . . . Time . | . . . . . . . . . . . . . . Total Robot Build Rating . | . . . . . . . . . . . . . . Part Schematics Acquired . | . . . . . . . . . . . . . . Parts Built . | . . . . . . . . . . . . . . Authchips . | . . . . . . . . . . . . . . Time . | . . . . . . . . . . . . . . Total Part Build Rating . | . . . . . . . . . . . . . . Parts Repaired 2 | . . . . . 1 . . 1 . . . . . Time 72 | . . . . . 19 . . 53 . . . . . Parts Recycled . | . . . . . . . . . . . . . . Recycled Matter . | . . . . . . . . . . . . . . Retrieved Matter 236 | . . . . . 236 . . . . . . . . Retrieved Components . | . . . . . . . . . . . . . . Parts Scanalyzed 2 | . . . . . 2 . . . . . . . . Part Schematics Acquired . | . . . . . . . . . . . . . . Parts Damaged . | . . . . . . . . . . . . . . Bothacking | -11 -10 -10 -10 -9 -8 -7 -7 -6 -5 -5 -4 -3 -2 ------------ Run | Jun Mat Min Exi Min Mat Fac DSF Fac Fac DSF Fac Res Res Used RIF Installer . | . . . . . . . . . . . . . . Robots Hacked . | . . . . . . . . . . . . . . Non-combat . | . . . . . . . . . . . . . . Combat . | . . . . . . . . . . . . . . Robot Hacks Applied . | . . . . . . . . . . . . . . Relay Couplers Released . | . . . . . . . . . . . . . . Fabnet Peak Effective % . | . . . . . . . . . . . . . . Robots Rewired . | . . . . . . . . . . . . . . Allies Hacked . | . . . . . . . . . . . . . . Hacks Repelled . | . . . . . . . . . . . . . . Allies | -11 -10 -10 -10 -9 -8 -7 -7 -6 -5 -5 -4 -3 -2 -------- Run | Jun Mat Min Exi Min Mat Fac DSF Fac Fac DSF Fac Res Res Total Allies 4 | . . 3 . 1 . . . . . . . . . Largest Group 4 | . . 3 3 4 4 . . . . . . . . Highest-Rated Group 71 | . . 40 40 71 71 . . . . . . . . Highest-Rated Ally 31 | . . 16 16 31 31 . . . . . . . . Total Orders . | . . . . . . . . . . . . . . Ally Attacks 24 | . . . . . 24 . . . . . . . . Total Damage 282 | . . . . . 282 . . . . . . . . Kills 5 | . . . . . 5 . . . . . . . . Allies Corrupted . | . . . . . . . . . . . . . . Allies Melted . | . . . . . . . . . . . . . . Intel | -11 -10 -10 -10 -9 -8 -7 -7 -6 -5 -5 -4 -3 -2 ------- Run | Jun Mat Min Exi Min Mat Fac DSF Fac Fac DSF Fac Res Res Robot Analysis Total . | . . . . . . . . . . . . . . Derelict Logs Recovered 1 | . . 1 . . . . . . . . . . . Drone Launches . | . . . . . . . . . . . . . . Drone Recoveries . | . . . . . . . . . . . . . . Exploration | -11 -10 -10 -10 -9 -8 -7 -7 -6 -5 -5 -4 -3 -2 ------------- Run | Jun Mat Min Exi Min Mat Fac DSF Fac Fac DSF Fac Res Res Turns Passed 8156 | 78 1289 663 1211 110 2630 215 365 547 168 81 34 417 348 Spaces Moved 5370 | 50 713 322 221 20 1066 87 157 843 289 158 96 750 598 Core 463 | 13 2 25 221 20 20 . 1 . . . . . 161 Treads 2250 | 37 711 297 . . 1046 87 72 . . . . . . Legs . | . . . . . . . . . . . . . . Wheels . | . . . . . . . . . . . . . . Hover . | . . . . . . . . . . . . . . Flight 2657 | . . . . . . . 84 843 289 158 96 750 437 Fastest Speed 28 | 50 160 160 550 550 156 236 29 28 28 28 30 29 30 Average Speed 124 | 137 160 190 550 550 193 236 153 32 28 28 30 47 43 Slowest Speed 650 | 160 400 550 550 550 650 236 236 88 28 37 37 96 50 Overloaded Moves . | . . . . . . . . . . . . . . Propulsion Burnouts . | . . . . . . . . . . . . . . Robots Hopped 34 | . . . . . . . . 6 . 5 1 4 18 Cave-ins Triggered 1 | . . . . . 1 . . . . . . . . Exploration Rate (%) 40 | 3 97 71 61 6 81 1 88 21 7 95 3 18 21 Regions Visited 13 Branch Regions 3 Pre-discovered Areas 2 | . . 2 . . . . . . . . . . . Known Exits Taken 7 | . 1 1 1 1 1 1 . . 1 . . . . Unknown Exits Taken 4 | 1 . . . . . . . 1 . . 1 1 . Scrap Searched . | . . . . . . . . . . . . . . Spaces Dug 1 | . . . . . . . . . . . . 1 . Terrain Destroyed 631 | . . 165 . . 419 . 46 . . . . 1 . Melee 1 | . . . . . . . . . . . . 1 . Projectile 4 | . . . . . 4 . . . . . . . . AOE 626 | . . 165 . . 415 . 46 . . . . . . Terrain Rammed . | . . . . . . . . . . . . . . Walls Destroyed . | . . . . . . . . . . . . . . Machines Disabled . | . . . . . . . . . . . . . . Actions | -11 -10 -10 -10 -9 -8 -7 -7 -6 -5 -5 -4 -3 -2 --------- Run | Jun Mat Min Exi Min Mat Fac DSF Fac Fac DSF Fac Res Res Total 6553 | 56 794 348 221 24 1522 99 238 1113 375 189 97 809 668 Wait 849 | . 28 7 . 4 316 5 11 249 82 28 . 46 73 Move 5291 | 49 712 321 220 19 1064 86 156 831 288 147 93 741 564 Hop 31 | . . . . . . . . 5 . 5 1 4 16 Pick Up 37 | 1 9 . 1 1 15 . 4 2 . . . 2 2 Fast Attach 46 | 6 5 . . . 9 . 6 7 2 3 3 5 . Attach 35 | . . 2 . . 11 4 8 5 1 1 . 1 2 Detach 32 | . 1 2 . . 9 3 5 7 1 2 . 2 . Swap 14 | . 3 . . . 8 1 2 . . . . . . Drop 37 | . . . . . 12 . 7 7 1 3 . 7 . Fire 149 | . 36 14 . . 71 . 28 . . . . . . Melee 1 | . . . . . . . . . . . . 1 . Ram 7 | . . . . . . . . . . . . . 7 Kick . | . . . . . . . . . . . . . . Crush 8 | . . 2 . . 6 . . . . . . . . Escape Stasis 15 | . . . . . 1 . 10 . . . . . 4 Rewire 1 | . . . . . . . 1 . . . . . . Trap . | . . . . . . . . . . . . . . Miscellaneous . | . . . . . . . . . . . . . . Route ------- -11/Junkyard -10/Materials (discovered 5 exits: *Mat x3 / *Min x2) -10/Mines (discovered 2 exits: *Mat / *Exi) -10/Exiles -9/Mines -8/Materials (discovered 2 exits: *Fac x2) -7/Factory (discovered 2 exits: *Low / DSF) -7/DSF -6/Factory -5/Factory -5/DSF -4/Factory -3/Research -2/Research History --------- Turn | Location | Event 14 | -11/Junkyard | Discovered new exit (range 15) 79 | -11/Junkyard | Entered Materials 316 | -10/Materials | Build established: Mutant 358 | -10/Materials | Discovered new exit (range 6) 611 | -10/Materials | Discovered new exit (range 6) 796 | -10/Materials | Discovered new exit (range 14) 846 | -10/Materials | Identified exit to Materials 961 | -10/Materials | Discovered exit to Materials (range 6) 1332 | -10/Materials | Discovered new exit (range 14) 1366 | -10/Materials | Identified exit to Mines 1368 | -10/Materials | Entered Mines 1401 | -10/Mines | Met a Derelict bent on vengeance 1421 | -10/Mines | Assembled infested the area 1426 | -10/Mines | Assisted by a Guerilla fighting off Assembled 1474 | -10/Mines | Learned location of Storage (-9) 1735 | -10/Mines | Discovered exit to Materials (range 15) 1765 | -10/Mines | Assisted by bots powering up and referring to "LRC-V3" 2003 | -10/Mines | Deemed a non-threat by the Exiles lab entrance 2009 | -10/Mines | Discovered new exit (range 5) 2025 | -10/Mines | Identified exit to Exiles 2031 | -10/Mines | Entered Exiles 2031 | -10/Exiles | Accompanied by 3 allies 2180 | -10/Exiles | Met 8R-AWN 2257 | -10/Exiles | Met EX-HEX 2411 | -10/Exiles | Met EX-BIN 2477 | -10/Exiles | Aligned with FarCom system 2482 | -10/Exiles | Given EX-Vault access code 2614 | -10/Exiles | Opened EX-Vault 2664 | -10/Exiles | Found Cloak of Protection 2797 | -10/Exiles | Warned to stay clear of 0b10 Research branches 2962 | -10/Exiles | Met EX-DEC 3160 | -10/Exiles | Discovered new exit (range 14) 3226 | -10/Exiles | Identified exit to Mines 3242 | -10/Exiles | Left Exiles lab with Cloak of Protection 3242 | -10/Exiles | Entered Mines 3242 | -9/Mines | Accompanied by 3 allies 3249 | -9/Mines | Received a Rocket Launcher from a helpful Derelict 3309 | -9/Mines | Received a Mining Laser from a helpful Derelict 3324 | -9/Mines | Discovered new exit (range 6) 3346 | -9/Mines | Identified exit to Materials 3352 | -9/Mines | Entered Materials 3352 | -8/Materials | Accompanied by 4 allies 3352 | -8/Materials | Evolved 4 slots: Propulsion x2, Utility x2 3455 | -8/Materials | Garrison activated, responded to threat 3702 | -8/Materials | Crushed by falling debris 4438 | -8/Materials | Discovered new exit (range 9) 4450 | -8/Materials | Identified exit to Factory 4883 | -8/Materials | Core integrity fell below 50% 5674 | -8/Materials | Repaired Lgt. Deuterium Engine 5972 | -8/Materials | Discovered exit to Factory (range 5) 5982 | -8/Materials | Entered Factory 5982 | -7/Factory | Evolved 2 slots: Utility x2 5986 | -7/Factory | Discovered new exit (range 16) 6019 | -7/Factory | Identified exit to Lower Caves 6195 | -7/Factory | Identified exit to DSF 6197 | -7/Factory | Entered DSF 6214 | -7/DSF | Additional patrols routed to DSF 6458 | -7/DSF | Core integrity fell below 50% 6460 | -7/DSF | Sterilization system engaged 6480 | -7/DSF | Ambient heat levels rising (+10) 6484 | -7/DSF | Lost 6 parts (1p3n2u) 6495 | -7/DSF | Ambient heat levels rising (+10) 6510 | -7/DSF | Ambient heat levels rising (+10) 6525 | -7/DSF | Ambient heat levels rising (+10) 6540 | -7/DSF | Ambient heat levels rising (+10) 6546 | -7/DSF | Discovered new exit (range 15) 6555 | -7/DSF | Ambient heat levels rising (+10) 6558 | -7/DSF | Core integrity fell below 20% 6562 | -7/DSF | Entered Factory 6562 | -6/Factory | Evolved 2 slots: Power x1, Propulsion x1 6848 | -6/Factory | Repaired Broken Surge Thruster? 7106 | -6/Factory | Discovered new exit (range 4) 7109 | -6/Factory | Entered another Factory area 7109 | -5/Factory | Evolved 2 slots: Propulsion x1, Utility x1 7145 | -5/Factory | Spotted B-75 Beast 7277 | -5/Factory | Identified exit to DSF 7277 | -5/Factory | Entered DSF 7299 | -5/DSF | Additional patrols routed to DSF 7312 | -5/DSF | Discovered new exit (range 15) 7358 | -5/DSF | Entered Factory 7358 | -4/Factory | Evolved 2 slots: Utility x2 7384 | -4/Factory | Discovered new exit (range 7) 7392 | -4/Factory | Entered Research 7392 | -3/Research | Evolved 2 slots: Utility x1, Weapon x1 7803 | -3/Research | Discovered new exit (range 3) 7809 | -3/Research | Entered another Research area 7809 | -2/Research | Evolved 2 slots: Utility x2 8108 | -2/Research | Lost 3 parts (2n1u) 8121 | -2/Research | System corruption reached 10% 8123 | -2/Research | Core integrity fell below 50% 8151 | -2/Research | Core integrity fell below 20% 8157 | -2/Research | Destroyed by S-43 Plague with Heavy Machine Gun Last Messages --------------- 08077_ Imp. Surge Thruster destroyed. 08077_ Slammed into G-73 Enforcer. 08077_ Destabilizing: System corrupted (+2). 08078_ Slammed into G-73 Enforcer. 08079_ Destabilizing: Core damaged (-58). 08080_ Slammed into G-73 Enforcer. 08080_ G-73 Enforcer knocked back. 08080_ Destabilizing: System interference. 08080_ Adv. Melee Analysis Suite temporarily disabled. 08081_ Slammed into G-73 Enforcer. 08089_ Slammed into T-07 Excavator. 08095_ Penetrated by Slug. 08097_ ALERT: Suspicious intruders detected, dispatching Cutter reinforcements to area. 08114_ Door malfunctions. 08119_ Imp. Targeting Computer destroyed. 08121_ System corrupted: Heat flow error (+130). 08141_ SII|6CJ